Sound Tigers vs Moose
Created - January 29, 2022 at 23:59
Goals
|
| Sound Tigers |
0 |
1 |
1 |
2 |
| Moose |
2 |
2 |
5 |
9 |
|
Shots
|
| Sound Tigers |
11 |
12 |
5 |
28 |
| Moose |
6 |
15 |
25 |
46 |
|
1st period
1. Moose , Miro Aaltonen 13 (Iiro Pakarinen 11, Nathan Walker 11) at 5:42 (PP)
2. Moose , Rem Pitlick 4 (Michael McLeod 6, Vladislav Gavrikov 7) at 18:10
Penalties :
Erik Cernak (Man) for Hooking (Minor) at 0:55, James Livingstone (BRI) for Interference (Minor) at 5:29, Dylan McIlrath (BRI) for Hooking (Minor) at 13:59
2nd period
3. Moose , Nikolay Goldobin 11 (Vladislav Gavrikov 8) at 1:09
4. Moose , Troy Stetcher 5 (Frank Vatrano 13, Mitchell Stephens 1) at 5:33 (PP)
5. Sound Tigers , Pavel Kraskovsky 8 (Tyrell Goulbourne 6, Garret Ross 3) at 12:32
Penalties :
Borna Rendulic (BRI) for Roughing (Minor) at 3:58, Garret Ross (BRI) for Kneeing (Minor) at 4:12, Rhett Gardner (BRI) for Hooking (Minor) at 10:15
3rd period
6. Moose , Nathan Walker 12 (Miro Aaltonen 25, Ludwig Bystrom 11) at 0:11
7. Sound Tigers , James Livingstone 9 (Garret Ross 4) at 3:01
8. Moose , Miro Aaltonen 14 (Iiro Pakarinen 12) at 3:33
9. Moose , Miro Aaltonen 15 (Iiro Pakarinen 13, Nathan Walker 12) at 16:51 (PP)
10. Moose , Frank Vatrano 15 (Nikolay Goldobin 7) at 19:11
11. Moose , Nikolay Goldobin 12 (Frank Vatrano 14, Troy Stetcher 26) at 19:23
Penalties :
Borna Rendulic (BRI) for Hooking (Minor) at 11:13, Tyrell Goulbourne (BRI) for Hooking (Minor) at 12:31, Tyrell Goulbourne (BRI) for Holding (Minor) at 15:55
Goalie Stats
Sean Maguire (BRI), 25 saves from 30 shots - (0.833), 34:27 minutes
Pavel Francouz (BRI), 12 saves from 16 shots - (0.750), L, 9-8-2, 25:33 minutes
Filip Gustavsson (Man), 26 saves from 28 shots - (0.929), W, 8-4-1, 60:00 minutes
Players Stats for Sound Tigers
Player Name G A P +/- PIM S H SB GA TA FO MP PP MP PK MP
------------------------------------------------------------------------------------
Alexander Yelesin 0 0 0 -1 0 0 0 0 0 0 0/0 12:13 0:00 0:17
Ben Johnson 0 0 0 -1 0 1 1 0 0 0 1/1 6:31 0:00 0:39
Blake Speers 0 0 0 0 0 0 0 0 0 0 0/0 3:10 0:00 2:54
Borna Rendulic 0 0 0 -2 4 6 3 1 0 3 1/2 19:57 1:11 2:04
Brad Ross 0 0 0 -1 0 0 0 0 0 0 0/0 7:49 0:00 1:55
Brandon Gignac 0 0 0 0 0 0 0 0 0 0 0/0 0:00 0:00 0:00
Casey Staum 0 0 0 -1 0 0 0 1 0 0 0/0 12:21 0:00 0:46
Dylan McIlrath 0 0 0 -2 2 0 0 1 0 2 0/0 26:46 1:16 5:18
Gabriel Carlsson 0 0 0 -1 0 1 0 2 0 1 0/0 20:42 0:43 4:21
Garret Pilon 0 0 0 0 0 0 0 0 0 0 0/0 0:00 0:00 0:00
Garret Ross 0 2 2 0 2 2 1 1 0 1 0/2 19:08 0:48 3:40
James Livingstone 1 0 1 0 2 6 1 1 1 0 1/1 16:59 0:48 1:54
James Sheppard 0 0 0 -2 0 4 1 1 2 1 5/14 23:57 1:11 5:54
Josh Archibald 0 0 0 -1 0 2 0 0 0 0 0/0 5:52 0:00 0:00
Julian Melchiori 0 0 0 -2 0 0 2 3 1 2 0/0 27:26 1:16 6:16
Pavel Kraskovsky 1 0 1 -1 0 2 1 0 0 0 2/3 10:06 0:00 0:00
Rhett Gardner 0 0 0 0 2 1 2 0 0 1 4/8 15:13 0:48 0:00
Ryan Bourque 0 0 0 -2 0 1 1 0 0 0 15/31 17:55 1:11 0:00
Scott Glennie 0 0 0 -1 0 0 0 0 0 0 0/0 10:06 0:00 0:00
Slater Koekkoek 0 0 0 -1 0 0 2 0 0 1 0/0 20:33 0:43 4:16
Tyrell Goulbourne 0 1 1 -1 4 2 2 0 0 0 0/0 10:29 0:00 0:10
Players Stats for Moose
Player Name G A P +/- PIM S H SB GA TA FO MP PP MP PK MP
------------------------------------------------------------------------------------
Carl Grundstrom 0 0 0 0 0 2 0 0 0 0 0/0 6:43 0:00 0:00
Chase De Leo 0 0 0 0 0 1 0 0 1 0 2/6 7:06 0:13 0:09
Erik Cernak 0 0 0 1 2 0 1 2 0 0 0/0 19:37 5:05 0:00
Frank Vatrano 1 2 3 3 0 6 1 1 1 0 1/1 17:32 4:45 0:44
Iiro Pakarinen 0 3 3 1 0 5 2 0 1 1 1/3 23:10 4:51 1:06
Ludwig Bystrom 0 1 1 3 0 3 0 2 1 0 0/0 27:40 5:32 1:20
Matthew Benning 0 0 0 0 0 1 0 0 0 0 0/0 12:04 0:00 0:00
Michael McLeod 0 1 1 0 0 2 1 0 0 1 5/7 11:00 0:00 0:00
Miro Aaltonen 3 1 4 1 0 5 2 0 5 0 12/27 23:11 4:52 1:06
Mitchell Stephens 0 1 1 3 0 0 0 0 0 0 12/15 16:48 4:45 0:00
Nathan Walker 1 2 3 1 0 7 1 0 0 0 0/1 22:58 4:51 0:53
Nikolay Goldobin 2 1 3 3 0 5 1 0 0 0 0/0 16:48 4:45 0:00
Oskar Lindblom 0 0 0 0 0 0 1 1 0 0 0/1 12:25 1:01 0:00
Pierre-Luc Dubois 0 0 0 0 0 0 0 0 0 0 0/1 8:00 0:53 0:00
Rem Pitlick 1 0 1 0 0 3 1 0 0 0 0/0 12:19 0:55 0:00
Sami Niku 0 0 0 0 0 3 0 0 1 1 0/0 12:43 0:00 0:39
Troy Stetcher 1 1 2 3 0 3 1 0 1 1 0/0 27:40 5:32 1:20
Vladislav Gavrikov 0 2 2 1 0 0 0 0 1 0 0/0 20:16 5:05 0:39
3 Stars
1 - Miro Aaltonen (Man)
2 - Nikolay Goldobin (Man)
3 - Frank Vatrano (Man)
Power Play
Sound Tigers - 0 on 1 Attempt(s) - 0.00%
Moose - 3 on 8 Attempt(s) - 37.50%
Penalty Kill
Sound Tigers - 5 on 8 Attempt(s) - 62.50%
- Score 0 goal in Penalty Kill
Moose - 1 on 1 Attempt(s) - 100.00%
- Score 0 goal in Penalty Kill
Team Stat
Sound Tigers - Hits : 17 - Faceoff Wins : 29 - Blocked Shots : 11 - Penalty Minutes : 16
Moose - Hits : 12 - Faceoff Wins : 33 - Blocked Shots : 6 - Penalty Minutes : 2
Official
Referees : Garrett Rank and TJ Luxmore
Linesman : Greg Devorski and Brad Kovachik
Game Notes
6:57 of 1st period - Moose goal is going for a video replay. After video review, No Goal. The puck has entered the net after making contact with an attacking player’s stick that is above the height of the crossbar.
Sean Maguire enters game at 5:33 of 2nd period
Miro Aaltonen has scored a Hat Trick!
Finance
Level 1 -- Attendance: 1928 (96.40%) -- Ticket Income $67,480
Level 2 -- Attendance: 886 (88.60%) -- Ticket Income $13,290
Total Attendance: 2814 (93.80%)
Total Ticket Income: $80,770
Other Income: $4,038
Total Income: $84,808
Sound Tigers
5 vs 5 Forward
Center Left Wing Right Wing Time % Phy DF OF
1 Ryan Bourque James Sheppard Borna Rendulic 40 1 2 2
2 Rhett Gardner Garret Ross James Livingstone 30 1 2 2
3 Pavel Kraskovsky Tyrell Goulbourne Scott Glennie 20 1 2 2
4 Ben Johnson Brad Ross Josh Archibald 10 1 2 2
5 vs 5 Defense
Defense Defense Time % Phy DF OF
1 Dylan McIlrath Julian Melchiori 40 1 2 2
2 Slater Koekkoek Gabriel Carlsson 30 1 2 2
3 Alexander Yelesin Casey Staum 20 1 2 2
4 Dylan McIlrath Julian Melchiori 10 1 2 2
PowerPlay Forward
Center Left Wing Right Wing Time % Phy DF OF
1 Ryan Bourque James Sheppard Borna Rendulic 60 1 2 2
2 Rhett Gardner Garret Ross James Livingstone 40 1 2 2
PowerPlay Defense
Defense Defense Time % Phy DF OF
1 Dylan McIlrath Julian Melchiori 60 1 2 2
2 Slater Koekkoek Gabriel Carlsson 40 1 2 2
Penalty Kill 4 Players Forward
Center Wing Time % Phy DF OF
1 James Sheppard Garret Ross 60 1 2 2
2 Borna Rendulic James Livingstone 40 1 2 2
Penalty Kill 4 Players Defense
Defense Defense Time % Phy DF OF
1 Dylan McIlrath Julian Melchiori 60 1 2 2
2 Slater Koekkoek Gabriel Carlsson 40 1 2 2
Penalty Kill - 3 Players Forward
Forward Time % Phy DF OF
1 James Sheppard 60 1 2 2
2 Garret Ross 40 1 2 2
Penalty Kill - 3 Players Defense
Defense Defense Time % Phy DF OF
1 Dylan McIlrath Julian Melchiori 60 1 2 2
2 Slater Koekkoek Gabriel Carlsson 40 1 2 2
4 vs 4 Forward
Center Wing Time % Phy DF OF
1 James Sheppard Garret Ross 60 1 2 2
2 Borna Rendulic James Livingstone 40 1 2 2
4 vs 4 Defense
Defense Defense Time % Phy DF OF
1 Dylan McIlrath Julian Melchiori 60 1 2 2
2 Slater Koekkoek Gabriel Carlsson 40 1 2 2
Last Minutes Offensive
Center Left Wing Right Wing Defense Defense
Ryan Bourque James Sheppard Borna Rendulic Dylan McIlrath Julian Melchiori
Last Minutes Defensive
Center Left Wing Right Wing Defense Defense
Ryan Bourque James Sheppard Borna Rendulic Dylan McIlrath Julian Melchiori
Goaltenders
Starting : Pavel Francouz
Backup : Sean Maguire
Extra Forwards
Normal : Garret Pilon, Brandon Gignac, Blake Speers - PP : Garret Pilon, Brandon Gignac - PK : Blake Speers
Extra Defensemen
Normal : Alexander Yelesin, Casey Staum, Slater Koekkoek - PP : Alexander Yelesin - PK : Casey Staum, Slater Koekkoek
Penalty Shots
James Sheppard, Garret Ross, Borna Rendulic, James Livingstone, Ryan Bourque
Scratches
Ben Thomson (Healthy), David Broll (Healthy), Joe Labate (Healthy), Chris Driedger (Healthy)
Moose
5 vs 5 Forward
Center Left Wing Right Wing Time % Phy DF OF
1 Miro Aaltonen Nathan Walker Iiro Pakarinen 40 1 2 2
2 Mitchell Stephens Nikolay Goldobin Frank Vatrano 30 1 2 2
3 Michael McLeod Oskar Lindblom Rem Pitlick 20 1 2 2
4 Chase De Leo Pierre-Luc Dubois Carl Grundstrom 10 1 2 2
5 vs 5 Defense
Defense Defense Time % Phy DF OF
1 Troy Stetcher Ludwig Bystrom 40 1 2 2
2 Vladislav Gavrikov Erik Cernak 30 1 2 2
3 Matthew Benning Sami Niku 20 1 2 2
4 Troy Stetcher Ludwig Bystrom 10 1 2 2
PowerPlay Forward
Center Left Wing Right Wing Time % Phy DF OF
1 Miro Aaltonen Nathan Walker Iiro Pakarinen 60 1 2 2
2 Mitchell Stephens Nikolay Goldobin Frank Vatrano 40 1 2 2
PowerPlay Defense
Defense Defense Time % Phy DF OF
1 Troy Stetcher Ludwig Bystrom 60 1 2 2
2 Vladislav Gavrikov Erik Cernak 40 1 2 2
Penalty Kill 4 Players Forward
Center Wing Time % Phy DF OF
1 Iiro Pakarinen Miro Aaltonen 60 1 2 2
2 Frank Vatrano Nathan Walker 40 1 2 2
Penalty Kill 4 Players Defense
Defense Defense Time % Phy DF OF
1 Troy Stetcher Ludwig Bystrom 60 1 2 2
2 Vladislav Gavrikov Erik Cernak 40 1 2 2
Penalty Kill - 3 Players Forward
Forward Time % Phy DF OF
1 Iiro Pakarinen 60 1 2 2
2 Miro Aaltonen 40 1 2 2
Penalty Kill - 3 Players Defense
Defense Defense Time % Phy DF OF
1 Troy Stetcher Ludwig Bystrom 60 1 2 2
2 Vladislav Gavrikov Erik Cernak 40 1 2 2
4 vs 4 Forward
Center Wing Time % Phy DF OF
1 Iiro Pakarinen Miro Aaltonen 60 1 2 2
2 Frank Vatrano Nathan Walker 40 1 2 2
4 vs 4 Defense
Defense Defense Time % Phy DF OF
1 Troy Stetcher Ludwig Bystrom 60 1 2 2
2 Vladislav Gavrikov Erik Cernak 40 1 2 2
Last Minutes Offensive
Center Left Wing Right Wing Defense Defense
Miro Aaltonen Nathan Walker Iiro Pakarinen Troy Stetcher Ludwig Bystrom
Last Minutes Defensive
Center Left Wing Right Wing Defense Defense
Miro Aaltonen Nathan Walker Iiro Pakarinen Troy Stetcher Ludwig Bystrom
Goaltenders
Starting : Filip Gustavsson
Backup : Emil Larmi
Extra Forwards
Normal : Michael McLeod, Oskar Lindblom, Rem Pitlick - PP : Pierre-Luc Dubois, Oskar Lindblom - PK : Frank Vatrano
Extra Defensemen
Normal : Matthew Benning, Sami Niku, Vladislav Gavrikov - PP : Matthew Benning - PK : Sami Niku, Vladislav Gavrikov
Penalty Shots
Iiro Pakarinen, Miro Aaltonen, Frank Vatrano, Nathan Walker, Nikolay Goldobin
Scratches
David Kase (Healthy), Dominik Kahun (Bruised Left Shoulder Injury), Jeremy Bracco (Healthy), Jesse Graham (Healthy), Mirco Mueller (Strained Back Injury)
Julien Gauthier (Healthy), Josh Mahura (Healthy), Max Jones (Healthy), Nathan Bastian (Healthy), Tim Gettinger (Healthy)
Joey Daccord (Healthy), Magnus Hellberg (Healthy)
% Time on Ice - Sound Tigers
Lines # - Real PCT - Wanted PCT - Time Play
Normal Forward
1 - 36% - 40% - 17:08
2 - 30% - 30% - 14:18
3 - 21% - 20% - 10:06
4 - 12% - 10% - 5:52
Normal Defense
1 - 39% - 40% - 18:32
2 - 32% - 30% - 15:17
3 - 24% - 20% - 11:35
4 - 4% - 10% - 2:00
PP Forward
1 - 60% - 60% - 1:11
2 - 40% - 40% - 0:48
PP Defense
1 - 64% - 60% - 1:16
2 - 36% - 40% - 0:43
PK Forward
1 - 78% - 60% - 6:41
2 - 22% - 40% - 1:54
PK Defense
1 - 61% - 60% - 5:15
2 - 39% - 40% - 3:20
PK3 Forward
1 - 66% - 60% - 1:21
2 - 34% - 40% - 0:41
PK3 Defense
1 - 64% - 60% - 1:18
2 - 36% - 40% - 0:44
44 Forward
1 - 0% - 60%
2 - 0% - 40%
44 Defense
1 - 0% - 60%
2 - 0% - 40%
Last Minute Offensive - 0:00
Last Minute Defensive - 0:00
Total
Forward - 60:00
Defense - 60:00
|
% Time on Ice - Moose
Lines # - Real PCT - Wanted PCT - Time Play
Normal Forward
1 - 37% - 40% - 17:38
2 - 25% - 30% - 12:03
3 - 23% - 20% - 11:00
4 - 14% - 10% - 6:43
Normal Defense
1 - 40% - 40% - 19:05
2 - 31% - 30% - 14:32
3 - 25% - 20% - 12:04
4 - 4% - 10% - 1:43
PP Forward
1 - 51% - 60% - 5:22
2 - 49% - 40% - 5:15
PP Defense
1 - 52% - 60% - 5:32
2 - 48% - 40% - 5:05
PK Forward
1 - 63% - 60% - 1:15
2 - 37% - 40% - 0:44
PK Defense
1 - 67% - 60% - 1:20
2 - 33% - 40% - 0:39
PK3 Forward
1 - 0% - 60%
2 - 0% - 40%
PK3 Defense
1 - 0% - 60%
2 - 0% - 40%
44 Forward
1 - 0% - 60%
2 - 0% - 40%
44 Defense
1 - 0% - 60%
2 - 0% - 40%
Last Minute Offensive - 0:00
Last Minute Defensive - 0:00
Total
Forward - 60:00
Defense - 60:00
|
Play-by-Play
1st period
0:01 of 1st period - Ryan Bourque wins face-off versus Miro Aaltonen in neutral zone.
0:14 of 1st period - Snap shot by Borna Rendulic.
0:14 of 1st period - Stopped by Filip Gustavsson without a rebound.
0:15 of 1st period - Mitchell Stephens wins face-off versus Garret Ross in Moose zone.
0:55 of 1st period - Minor Penalty to Erik Cernak for Hooking.
0:56 of 1st period - James Sheppard wins face-off versus Iiro Pakarinen in Moose zone.
0:59 of 1st period - Snap shot by James Sheppard.
0:59 of 1st period - Stopped by Filip Gustavsson without a rebound.
1:00 of 1st period - Iiro Pakarinen wins face-off versus Ryan Bourque in Moose zone.
1:05 of 1st period - Wrist shot by James Sheppard.
1:05 of 1st period - Deflect By Borna Rendulic.
1:05 of 1st period - Stopped by Filip Gustavsson with a rebound.
1:07 of 1st period - Snap shot by Borna Rendulic.
1:07 of 1st period - Deflect By Ludwig Bystrom.
1:07 of 1st period - Stopped by Filip Gustavsson without a rebound.
1:08 of 1st period - Borna Rendulic wins face-off versus Iiro Pakarinen in Moose zone.
1:13 of 1st period - Wrist shot by James Sheppard.
1:13 of 1st period - Shot Misses the Net.
2:07 of 1st period - Vladislav Gavrikov is hit by Rhett Gardner and loses puck.
2:52 of 1st period - Troy Stetcher is hit by James Sheppard.
2:55 of 1st period - Penalty to Erik Cernak is over, Erik Cernak is back on ice.
3:02 of 1st period - Sami Niku is hit by Ben Johnson and loses puck.
3:13 of 1st period - Snap shot by Brad Ross.
3:13 of 1st period - Deflect By Ben Johnson.
3:13 of 1st period - Shot Hit the Post.
3:13 of 1st period - Puck is out of play.
3:14 of 1st period - Pavel Kraskovsky wins face-off versus Pierre-Luc Dubois in Moose zone.
3:39 of 1st period - Alexander Yelesin is hit by Frank Vatrano and loses puck.
3:44 of 1st period - Snap shot by Frank Vatrano.
3:44 of 1st period - Shot Misses the Net.
5:29 of 1st period - Minor Penalty to James Livingstone for Interference.
5:30 of 1st period - Miro Aaltonen wins face-off versus James Sheppard in Sound Tigers zone.
5:40 of 1st period - Wrist shot by Miro Aaltonen.
5:40 of 1st period - Shot Misses the Net.
5:42 of 1st period - Wrist shot by Iiro Pakarinen.
5:42 of 1st period - Deflect By Miro Aaltonen.
5:42 of 1st period - Goal by Miro Aaltonen - Sound Tigers : 0 - Moose : 1.
5:43 of 1st period - Ryan Bourque wins face-off versus Miro Aaltonen in neutral zone.
6:55 of 1st period - Snap shot by Chase De Leo.
6:55 of 1st period - Shot Misses the Net.
6:57 of 1st period - Slapshot by Matthew Benning.
6:57 of 1st period - Moose goal is going for a video replay.
6:57 of 1st period - The goal is refused. The puck has entered the net after making contact with an attacking player’s stick that is above the height of the crossbar..
6:58 of 1st period - Ryan Bourque wins face-off versus Miro Aaltonen in Sound Tigers zone.
7:05 of 1st period - Slapshot by Borna Rendulic.
7:05 of 1st period - Shot Blocked by Ludwig Bystrom.
7:07 of 1st period - Slapshot by James Sheppard.
7:07 of 1st period - Stopped by Filip Gustavsson with a rebound.
7:09 of 1st period - Slapshot by Gabriel Carlsson.
7:09 of 1st period - Stopped by Filip Gustavsson without a rebound.
7:10 of 1st period - Miro Aaltonen wins face-off versus James Sheppard in Moose zone.
7:20 of 1st period - Julian Melchiori is hit by Miro Aaltonen and loses puck.
7:25 of 1st period - Snap shot by Miro Aaltonen.
7:25 of 1st period - Shot Misses the Net.
7:27 of 1st period - Slapshot by Troy Stetcher.
7:27 of 1st period - Deflect By Ryan Bourque.
7:27 of 1st period - Stopped by Pavel Francouz with a rebound.
8:02 of 1st period - Scott Glennie is hit by Rem Pitlick and loses puck.
8:19 of 1st period - Matthew Benning is hit by Slater Koekkoek and loses puck.
8:43 of 1st period - Snap shot by Chase De Leo.
8:43 of 1st period - Deflect By Carl Grundstrom.
8:43 of 1st period - Shot Misses the Net.
8:43 of 1st period - Puck is out of play.
8:44 of 1st period - Ryan Bourque wins face-off versus Chase De Leo in Sound Tigers zone.
9:53 of 1st period - Off-side.
9:54 of 1st period - Michael McLeod wins face-off versus Ryan Bourque in neutral zone.
10:22 of 1st period - Slapshot by Miro Aaltonen.
10:22 of 1st period - Stopped by Pavel Francouz without a rebound.
10:23 of 1st period - James Livingstone wins face-off versus Miro Aaltonen in Sound Tigers zone.
11:02 of 1st period - Snap shot by Garret Ross.
11:02 of 1st period - Deflect By James Livingstone.
11:02 of 1st period - Stopped by Filip Gustavsson with a rebound.
11:04 of 1st period - Snap shot by James Livingstone.
11:04 of 1st period - Stopped by Filip Gustavsson with a rebound.
11:16 of 1st period - Snap shot by Garret Ross.
11:16 of 1st period - Deflect By James Livingstone.
11:16 of 1st period - Stopped by Filip Gustavsson with a rebound.
11:18 of 1st period - Wrist shot by Garret Ross.
11:18 of 1st period - Stopped by Filip Gustavsson without a rebound.
11:19 of 1st period - Frank Vatrano wins face-off versus Ryan Bourque in Moose zone.
11:32 of 1st period - Snap shot by Frank Vatrano.
11:32 of 1st period - Shot Misses the Net.
11:34 of 1st period - Slapshot by Ludwig Bystrom.
11:34 of 1st period - Shot Blocked by Julian Melchiori.
11:48 of 1st period - Julian Melchiori is hit by Oskar Lindblom.
12:14 of 1st period - Wrist shot by Ben Johnson.
12:14 of 1st period - Stopped by Filip Gustavsson without a rebound.
12:15 of 1st period - Ben Johnson wins face-off versus Mitchell Stephens in Moose zone.
13:12 of 1st period - Snap shot by Michael McLeod.
13:12 of 1st period - Deflect By Garret Ross.
13:12 of 1st period - Stopped by Pavel Francouz without a rebound.
13:13 of 1st period - Michael McLeod wins face-off versus Rhett Gardner in Sound Tigers zone.
13:22 of 1st period - Wrist shot by Michael McLeod.
13:22 of 1st period - Shot Blocked by James Livingstone.
13:59 of 1st period - Minor Penalty to Dylan McIlrath for Hooking.
14:00 of 1st period - Miro Aaltonen wins face-off versus James Sheppard in Sound Tigers zone.
15:59 of 1st period - Penalty to Dylan McIlrath is over, Dylan McIlrath is back on ice.
16:45 of 1st period - Slapshot by Ryan Bourque.
16:45 of 1st period - Shot Misses the Net.
17:32 of 1st period - Snap shot by Borna Rendulic.
17:32 of 1st period - Shot Misses the Net.
18:10 of 1st period - Snap shot by Rem Pitlick.
18:10 of 1st period - Goal by Rem Pitlick - Sound Tigers : 0 - Moose : 2.
18:11 of 1st period - Miro Aaltonen wins face-off versus Ryan Bourque in neutral zone.
18:16 of 1st period - James Sheppard is hit by Nathan Walker.
18:41 of 1st period - Slapshot by Slater Koekkoek.
18:41 of 1st period - Shot Misses the Net.
19:49 of 1st period - Snap shot by Borna Rendulic.
19:49 of 1st period - Shot Misses the Net.
Goals for this period are 0 for Sound Tigers vs 2 for Moose.
Shots for this period are 11 for Sound Tigers vs 6 for Moose.
2nd period
0:01 of 2nd period - Mitchell Stephens wins face-off versus Ryan Bourque in neutral zone.
0:24 of 2nd period - Icing by Borna Rendulic.
0:25 of 2nd period - Ryan Bourque wins face-off versus Miro Aaltonen in Sound Tigers zone.
0:36 of 2nd period - Wrist shot by Garret Ross.
0:36 of 2nd period - Shot Blocked by Erik Cernak.
0:38 of 2nd period - Wrist shot by Rhett Gardner.
0:38 of 2nd period - Stopped by Filip Gustavsson with a rebound.
0:40 of 2nd period - Snap shot by Rhett Gardner.
0:40 of 2nd period - Shot Misses the Net.
0:58 of 2nd period - Vladislav Gavrikov is hit by Slater Koekkoek and loses puck.
1:09 of 2nd period - Snap shot by Nikolay Goldobin.
1:09 of 2nd period - Goal by Nikolay Goldobin - Sound Tigers : 0 - Moose : 3.
1:10 of 2nd period - Mitchell Stephens wins face-off versus Ryan Bourque in neutral zone.
1:15 of 2nd period - Snap shot by Frank Vatrano.
1:15 of 2nd period - Stopped by Pavel Francouz with a rebound.
1:17 of 2nd period - Snap shot by Nikolay Goldobin.
1:17 of 2nd period - Stopped by Pavel Francouz with a rebound.
1:19 of 2nd period - Slapshot by Ludwig Bystrom.
1:19 of 2nd period - Stopped by Pavel Francouz with a rebound.
1:21 of 2nd period - Slapshot by Ludwig Bystrom.
1:21 of 2nd period - Shot Misses the Net.
1:23 of 2nd period - Backhand shot by Nikolay Goldobin.
1:23 of 2nd period - Shot Blocked by Julian Melchiori.
1:25 of 2nd period - Slapshot by Ludwig Bystrom.
1:25 of 2nd period - Shot Blocked by Dylan McIlrath.
1:37 of 2nd period - Ludwig Bystrom is hit by Garret Ross and loses puck.
2:04 of 2nd period - Erik Cernak is hit by Pavel Kraskovsky and loses puck.
2:10 of 2nd period - Off-side.
2:11 of 2nd period - Ryan Bourque wins face-off versus Chase De Leo in neutral zone.
3:39 of 2nd period - Off-side.
3:40 of 2nd period - Chase De Leo wins face-off versus Ryan Bourque in neutral zone.
3:58 of 2nd period - Minor Penalty to Borna Rendulic for Roughing.
3:59 of 2nd period - Miro Aaltonen wins face-off versus James Sheppard in Sound Tigers zone.
4:09 of 2nd period - Wrist shot by Nathan Walker.
4:09 of 2nd period - Stopped by Pavel Francouz without a rebound.
4:10 of 2nd period - James Sheppard wins face-off versus Miro Aaltonen in Sound Tigers zone.
4:12 of 2nd period - Minor Penalty to Garret Ross for Kneeing.
4:13 of 2nd period - Miro Aaltonen wins face-off versus James Sheppard in Sound Tigers zone.
4:23 of 2nd period - Snap shot by Iiro Pakarinen.
4:23 of 2nd period - Stopped by Pavel Francouz with a rebound.
4:25 of 2nd period - Snap shot by Ludwig Bystrom.
4:25 of 2nd period - Shot Misses the Net.
5:05 of 2nd period - Snap shot by Nikolay Goldobin.
5:05 of 2nd period - Deflect By Frank Vatrano.
5:05 of 2nd period - Stopped by Pavel Francouz with a rebound.
5:07 of 2nd period - Slapshot by Troy Stetcher.
5:07 of 2nd period - Stopped by Pavel Francouz with a rebound.
5:09 of 2nd period - Wrist shot by Nikolay Goldobin.
5:09 of 2nd period - Shot Blocked by Gabriel Carlsson.
5:21 of 2nd period - Snap shot by Nikolay Goldobin.
5:21 of 2nd period - Stopped by Pavel Francouz with a rebound.
5:25 of 2nd period - Wrist shot by Frank Vatrano.
5:25 of 2nd period - Shot Misses the Net.
5:33 of 2nd period - Slapshot by Troy Stetcher.
5:33 of 2nd period - Goal by Troy Stetcher - Sound Tigers : 0 - Moose : 4.
5:33 of 2nd period - Sean Maguire enters game.
5:34 of 2nd period - James Sheppard wins face-off versus Nathan Walker in neutral zone.
5:37 of 2nd period - Vladislav Gavrikov is hit by Julian Melchiori and loses puck.
6:12 of 2nd period - Penalty to Garret Ross is over, Garret Ross is back on ice.
7:09 of 2nd period - Snap shot by Nikolay Goldobin.
7:09 of 2nd period - Shot Blocked by Borna Rendulic.
7:11 of 2nd period - Snap shot by Matthew Benning.
7:11 of 2nd period - Shot Misses the Net.
7:13 of 2nd period - Snap shot by Nikolay Goldobin.
7:13 of 2nd period - Deflect By Frank Vatrano.
7:13 of 2nd period - Deflect By Ryan Bourque.
7:13 of 2nd period - Stopped by Sean Maguire with a rebound.
7:36 of 2nd period - Slapshot by Josh Archibald.
7:36 of 2nd period - Stopped by Filip Gustavsson without a rebound.
7:37 of 2nd period - Michael McLeod wins face-off versus Rhett Gardner in Moose zone.
7:37 of 2nd period - Michael McLeod is hit by Julian Melchiori.
7:45 of 2nd period - Snap shot by Erik Cernak.
7:45 of 2nd period - Shot Misses the Net.
8:18 of 2nd period - Scott Glennie is hit by Iiro Pakarinen and loses puck.
8:29 of 2nd period - Wrist shot by Pavel Kraskovsky.
8:29 of 2nd period - Stopped by Filip Gustavsson without a rebound.
8:30 of 2nd period - Mitchell Stephens wins face-off versus Ryan Bourque in Moose zone.
8:57 of 2nd period - Icing by Garret Ross.
8:58 of 2nd period - Rhett Gardner wins face-off versus Miro Aaltonen in Sound Tigers zone.
9:34 of 2nd period - Slapshot by Rem Pitlick.
9:34 of 2nd period - Stopped by Sean Maguire without a rebound.
9:35 of 2nd period - Ryan Bourque wins face-off versus Miro Aaltonen in Sound Tigers zone.
10:09 of 2nd period - Wrist shot by Frank Vatrano.
10:09 of 2nd period - Stopped by Sean Maguire with a rebound.
10:11 of 2nd period - Snap shot by Frank Vatrano.
10:11 of 2nd period - Stopped by Sean Maguire without a rebound.
10:12 of 2nd period - Rhett Gardner wins face-off versus Miro Aaltonen in Sound Tigers zone.
10:12 of 2nd period - Rhett Gardner is hit by Miro Aaltonen.
10:15 of 2nd period - Minor Penalty to Rhett Gardner for Hooking.
10:16 of 2nd period - James Sheppard wins face-off versus Miro Aaltonen in Sound Tigers zone.
11:31 of 2nd period - Garret Ross is hit by Erik Cernak.
12:15 of 2nd period - Penalty to Rhett Gardner is over, Rhett Gardner is back on ice.
12:32 of 2nd period - Snap shot by Pavel Kraskovsky.
12:32 of 2nd period - Goal by Pavel Kraskovsky - Sound Tigers : 1 - Moose : 4.
12:33 of 2nd period - Miro Aaltonen wins face-off versus Pavel Kraskovsky in neutral zone.
13:00 of 2nd period - Oskar Lindblom is hit by Ryan Bourque and loses puck.
14:01 of 2nd period - Snap shot by Pavel Kraskovsky.
14:01 of 2nd period - Shot Misses the Net.
14:03 of 2nd period - Wrist shot by Tyrell Goulbourne.
14:03 of 2nd period - Stopped by Filip Gustavsson with a rebound.
14:25 of 2nd period - Wrist shot by Borna Rendulic.
14:25 of 2nd period - Stopped by Filip Gustavsson with a rebound.
14:27 of 2nd period - Snap shot by Ryan Bourque.
14:27 of 2nd period - Stopped by Filip Gustavsson without a rebound.
14:28 of 2nd period - Rhett Gardner wins face-off versus Michael McLeod in Moose zone.
14:55 of 2nd period - Snap shot by Borna Rendulic.
14:55 of 2nd period - Stopped by Filip Gustavsson with a rebound.
15:21 of 2nd period - Wrist shot by Nikolay Goldobin.
15:21 of 2nd period - Shot Misses the Net.
16:18 of 2nd period - Wrist shot by Chase De Leo.
16:18 of 2nd period - Stopped by Sean Maguire without a rebound.
16:19 of 2nd period - Chase De Leo wins face-off versus Ryan Bourque in Sound Tigers zone.
16:49 of 2nd period - Slapshot by James Livingstone.
16:49 of 2nd period - Stopped by Filip Gustavsson with a rebound.
16:51 of 2nd period - Slapshot by Garret Ross.
16:51 of 2nd period - Stopped by Filip Gustavsson without a rebound.
16:52 of 2nd period - Miro Aaltonen wins face-off versus Rhett Gardner in Moose zone.
17:19 of 2nd period - Ludwig Bystrom is hit by Borna Rendulic and loses puck.
17:44 of 2nd period - Rem Pitlick is hit by Tyrell Goulbourne and loses puck.
19:05 of 2nd period - Wrist shot by Borna Rendulic.
19:05 of 2nd period - Shot Blocked by Oskar Lindblom.
19:07 of 2nd period - Snap shot by Borna Rendulic.
19:07 of 2nd period - Stopped by Filip Gustavsson without a rebound.
19:08 of 2nd period - Michael McLeod wins face-off versus Ryan Bourque in Moose zone.
19:43 of 2nd period - Snap shot by James Livingstone.
19:43 of 2nd period - Stopped by Filip Gustavsson without a rebound.
19:44 of 2nd period - Ryan Bourque wins face-off versus Miro Aaltonen in Moose zone.
Goals for this period are 1 for Sound Tigers vs 2 for Moose.
Shots for this period are 12 for Sound Tigers vs 15 for Moose.
3rd period
0:01 of 3rd period - Miro Aaltonen wins face-off versus James Sheppard in neutral zone.
0:04 of 3rd period - Borna Rendulic is hit by Iiro Pakarinen and loses puck.
0:09 of 3rd period - Wrist shot by Miro Aaltonen.
0:09 of 3rd period - Shot Misses the Net.
0:11 of 3rd period - Wrist shot by Nathan Walker.
0:11 of 3rd period - Goal by Nathan Walker - Sound Tigers : 1 - Moose : 5.
0:12 of 3rd period - Ryan Bourque wins face-off versus Miro Aaltonen in neutral zone.
1:09 of 3rd period - Pavel Kraskovsky is hit by Michael McLeod and loses puck.
1:24 of 3rd period - Wrist shot by Chase De Leo.
1:24 of 3rd period - Shot Misses the Net.
1:26 of 3rd period - Wrist shot by Carl Grundstrom.
1:26 of 3rd period - Stopped by Sean Maguire with a rebound.
1:28 of 3rd period - Snap shot by Carl Grundstrom.
1:28 of 3rd period - Stopped by Sean Maguire without a rebound.
1:29 of 3rd period - Ryan Bourque wins face-off versus Chase De Leo in Sound Tigers zone.
1:34 of 3rd period - Snap shot by James Sheppard.
1:34 of 3rd period - Stopped by Filip Gustavsson without a rebound.
1:35 of 3rd period - Miro Aaltonen wins face-off versus Borna Rendulic in Moose zone.
1:46 of 3rd period - Slapshot by Nathan Walker.
1:46 of 3rd period - Stopped by Sean Maguire with a rebound.
1:48 of 3rd period - Snap shot by Nathan Walker.
1:48 of 3rd period - Stopped by Sean Maguire with a rebound.
1:50 of 3rd period - Wrist shot by Nathan Walker.
1:50 of 3rd period - Stopped by Sean Maguire with a rebound.
2:27 of 3rd period - Slapshot by Michael McLeod.
2:27 of 3rd period - Stopped by Sean Maguire with a rebound.
2:29 of 3rd period - Snap shot by Rem Pitlick.
2:29 of 3rd period - Stopped by Sean Maguire without a rebound.
2:30 of 3rd period - Ryan Bourque wins face-off versus Oskar Lindblom in Sound Tigers zone.
3:01 of 3rd period - Wrist shot by James Livingstone.
3:01 of 3rd period - Goal by James Livingstone - Sound Tigers : 2 - Moose : 5.
3:02 of 3rd period - Miro Aaltonen wins face-off versus Ryan Bourque in neutral zone.
3:05 of 3rd period - Slapshot by Nathan Walker.
3:05 of 3rd period - Stopped by Sean Maguire with a rebound.
3:07 of 3rd period - Snap shot by Nathan Walker.
3:07 of 3rd period - Stopped by Sean Maguire with a rebound.
3:09 of 3rd period - Slapshot by Troy Stetcher.
3:09 of 3rd period - Deflect By Iiro Pakarinen.
3:09 of 3rd period - Shot Blocked by James Sheppard.
3:09 of 3rd period - Puck is out of play.
3:10 of 3rd period - Miro Aaltonen wins face-off versus Ryan Bourque in Sound Tigers zone.
3:31 of 3rd period - Wrist shot by Iiro Pakarinen.
3:31 of 3rd period - Shot Misses the Net.
3:33 of 3rd period - Wrist shot by Miro Aaltonen.
3:33 of 3rd period - Goal by Miro Aaltonen - Sound Tigers : 2 - Moose : 6.
3:34 of 3rd period - Mitchell Stephens wins face-off versus James Sheppard in neutral zone.
3:59 of 3rd period - Iiro Pakarinen is hit by Rhett Gardner and loses puck.
4:08 of 3rd period - Slapshot by Ludwig Bystrom.
4:08 of 3rd period - Stopped by Sean Maguire with a rebound.
4:10 of 3rd period - Slapshot by Vladislav Gavrikov.
4:10 of 3rd period - Shot Blocked by Julian Melchiori.
4:26 of 3rd period - Snap shot by Tyrell Goulbourne.
4:26 of 3rd period - Stopped by Filip Gustavsson with a rebound.
5:43 of 3rd period - Icing by Dylan McIlrath.
5:44 of 3rd period - Michael McLeod wins face-off versus Rhett Gardner in Sound Tigers zone.
6:06 of 3rd period - Icing by Dylan McIlrath.
6:07 of 3rd period - Rhett Gardner wins face-off versus Michael McLeod in Sound Tigers zone.
6:18 of 3rd period - Snap shot by Vladislav Gavrikov.
6:18 of 3rd period - Deflect By Michael McLeod.
6:18 of 3rd period - Shot Misses the Net.
6:18 of 3rd period - Puck is out of play.
6:19 of 3rd period - Ryan Bourque wins face-off versus Miro Aaltonen in Sound Tigers zone.
6:44 of 3rd period - Slater Koekkoek is hit by Troy Stetcher and loses puck.
6:49 of 3rd period - Snap shot by Nikolay Goldobin.
6:49 of 3rd period - Stopped by Sean Maguire with a rebound.
7:59 of 3rd period - Frank Vatrano is hit by Tyrell Goulbourne and loses puck.
8:37 of 3rd period - Matthew Benning is hit by James Livingstone and loses puck.
8:52 of 3rd period - Sami Niku is hit by Borna Rendulic and loses puck.
8:58 of 3rd period - Icing by Sami Niku.
8:59 of 3rd period - Ryan Bourque wins face-off versus Miro Aaltonen in Moose zone.
10:04 of 3rd period - Slapshot by Iiro Pakarinen.
10:04 of 3rd period - Stopped by Sean Maguire with a rebound.
10:06 of 3rd period - Slapshot by Sami Niku.
10:06 of 3rd period - Stopped by Sean Maguire with a rebound.
10:26 of 3rd period - Snap shot by Miro Aaltonen.
10:26 of 3rd period - Shot Blocked by Casey Staum.
10:36 of 3rd period - Wrist shot by Iiro Pakarinen.
10:36 of 3rd period - Stopped by Sean Maguire with a rebound.
10:54 of 3rd period - Snap shot by Miro Aaltonen.
10:54 of 3rd period - Shot Misses the Net.
10:56 of 3rd period - Snap shot by Nathan Walker.
10:56 of 3rd period - Shot Misses the Net.
10:58 of 3rd period - Snap shot by Miro Aaltonen.
10:58 of 3rd period - Shot Blocked by Garret Ross.
11:00 of 3rd period - Slapshot by Sami Niku.
11:00 of 3rd period - Stopped by Sean Maguire with a rebound.
11:02 of 3rd period - Snap shot by Iiro Pakarinen.
11:02 of 3rd period - Stopped by Sean Maguire with a rebound.
11:04 of 3rd period - Backhand shot by Sami Niku.
11:04 of 3rd period - Stopped by Sean Maguire with a rebound.
11:10 of 3rd period - Wrist shot by Iiro Pakarinen.
11:10 of 3rd period - Stopped by Sean Maguire without a rebound.
11:11 of 3rd period - Ryan Bourque wins face-off versus Mitchell Stephens in Sound Tigers zone.
11:13 of 3rd period - Minor Penalty to Borna Rendulic for Hooking.
11:14 of 3rd period - Mitchell Stephens wins face-off versus James Sheppard in Sound Tigers zone.
11:16 of 3rd period - Snap shot by Troy Stetcher.
11:16 of 3rd period - Shot Misses the Net.
12:31 of 3rd period - Minor Penalty to Tyrell Goulbourne for Hooking.
12:32 of 3rd period - Mitchell Stephens wins face-off versus James Sheppard in Sound Tigers zone.
13:13 of 3rd period - Penalty to Borna Rendulic is over, Borna Rendulic is back on ice.
14:31 of 3rd period - Penalty to Tyrell Goulbourne is over, Tyrell Goulbourne is back on ice.
14:58 of 3rd period - Slapshot by Josh Archibald.
14:58 of 3rd period - Shot Misses the Net.
15:00 of 3rd period - Snap shot by Josh Archibald.
15:00 of 3rd period - Stopped by Filip Gustavsson without a rebound.
15:01 of 3rd period - Pavel Kraskovsky wins face-off versus Chase De Leo in Moose zone.
15:06 of 3rd period - Snap shot by Pavel Kraskovsky.
15:06 of 3rd period - Shot Misses the Net.
15:11 of 3rd period - Off-side.
15:12 of 3rd period - Mitchell Stephens wins face-off versus Ryan Bourque in neutral zone.
15:45 of 3rd period - Wrist shot by Miro Aaltonen.
15:45 of 3rd period - Stopped by Sean Maguire with a rebound.
15:47 of 3rd period - Snap shot by Ludwig Bystrom.
15:47 of 3rd period - Shot Misses the Net.
15:55 of 3rd period - Minor Penalty to Tyrell Goulbourne for Holding.
15:56 of 3rd period - James Sheppard wins face-off versus Miro Aaltonen in Sound Tigers zone.
16:03 of 3rd period - Wrist shot by Garret Ross.
16:03 of 3rd period - Shot Blocked by Erik Cernak.
16:30 of 3rd period - Vladislav Gavrikov is hit by Borna Rendulic.
16:51 of 3rd period - Wrist shot by Miro Aaltonen.
16:51 of 3rd period - Goal by Miro Aaltonen - Sound Tigers : 2 - Moose : 7.
16:52 of 3rd period - Mitchell Stephens wins face-off versus Ryan Bourque in neutral zone.
16:57 of 3rd period - Slapshot by Troy Stetcher.
16:57 of 3rd period - Shot Blocked by Gabriel Carlsson.
19:00 of 3rd period - Slater Koekkoek is hit by Nikolay Goldobin and loses puck.
19:11 of 3rd period - Slapshot by Frank Vatrano.
19:11 of 3rd period - Goal by Frank Vatrano - Sound Tigers : 2 - Moose : 8.
19:12 of 3rd period - Mitchell Stephens wins face-off versus Garret Ross in neutral zone.
19:21 of 3rd period - Wrist shot by Nikolay Goldobin.
19:21 of 3rd period - Shot Misses the Net.
19:23 of 3rd period - Snap shot by Frank Vatrano.
19:23 of 3rd period - Deflect By Nikolay Goldobin.
19:23 of 3rd period - Goal by Nikolay Goldobin - Sound Tigers : 2 - Moose : 9.
19:24 of 3rd period - Mitchell Stephens wins face-off versus Ryan Bourque in neutral zone.
19:31 of 3rd period - Slapshot by Ryan Bourque.
19:31 of 3rd period - Shot Blocked by Frank Vatrano.
19:33 of 3rd period - Snap shot by Ryan Bourque.
19:33 of 3rd period - Shot Blocked by Ludwig Bystrom.
19:35 of 3rd period - Snap shot by James Sheppard.
19:35 of 3rd period - Stopped by Filip Gustavsson without a rebound.
19:36 of 3rd period - Ryan Bourque wins face-off versus Mitchell Stephens in Moose zone.
19:39 of 3rd period - Snap shot by James Sheppard.
19:39 of 3rd period - Shot Misses the Net.
19:45 of 3rd period - Slapshot by Ludwig Bystrom.
19:45 of 3rd period - Stopped by Sean Maguire without a rebound.
19:46 of 3rd period - Mitchell Stephens wins face-off versus Ryan Bourque in Sound Tigers zone.
19:51 of 3rd period - Slapshot by Frank Vatrano.
19:51 of 3rd period - Shot Misses the Net.
Goals for this period are 1 for Sound Tigers vs 5 for Moose.
Shots for this period are 5 for Sound Tigers vs 25 for Moose.
Output by the SimonT Hockey Simulator (STHS) for Francois Prevost